 Dungeon Crawl Stone Soup version 0.29.0-13-gc9e81de378 (webtiles) character file.

Game seed: 9964069906434474851

12887 Ashen the Frost Mage (level 11, 76/76 HPs)
             Began as a Demonspawn Ice Elementalist on Sept 9, 2022.
             Was an Elder of Vehumet.
             Got out of the dungeon alive.
             The game lasted 00:28:56 (9786 turns).

Ashen the Frost Mage (Demonspawn Ice Elementalist)  Turns: 9786, Time: 00:28:57

Health: 76/76      AC:  8    Str:  9    XL:     11   Next: 68%
Magic:  22/22      EV: 15    Int: 21    God:    Vehumet [****..]
Gold:   651        SH:  0    Dex: 15    Spells: 17/24 levels left

rFire   . . .      SeeInvis .   P - +0 dagger (venom)
rCold   + + +      Faith    .   (no shield)
rNeg    . . .      Spirit   .   m - +2 robe {Will+}
rPois   .          Reflect  .   (no helmet)
rElec   .          Harm     .   f - +0 cloak
rCorr   .          Rampage  .   (no gloves)
Will    +....                   (no boots)
Stlth   +++++.....              B - amulet of regeneration
HPRegen 1.02/turn               r - ring of protection from fire
MPRegen 0.36/turn               s - ring of ice

@: no status effects
A: hooves 2, icy blue scales 3, magic regeneration, demonic magic 2, thin
skeletal structure 1, cold resistance 1, deformed body, frail 1
a: Renounce Religion


You escaped.
You worshipped Vehumet.
Vehumet was greatly pleased with you.
You visited 2 branches of the dungeon, and saw 12 of its levels.
You also visited: Bailey.

You collected 726 gold pieces.
You spent 75 gold pieces at shops.

Inventory:

Hand Weapons
 j - a +0 rapier
 w - a +0 short sword of electrocution
 P - a +0 dagger of venom (weapon)
Missiles
 y - 3 throwing nets
Armour
 f - a +0 cloak (worn)
 m - a +2 robe of willpower (worn)
Magical Staves
 e - a staff of conjuration
 M - a staff of conjuration
Jewellery
 r - a ring of protection from fire (left hand)
 s - a ring of ice (right hand)
 z - a ring of positive energy
 B - an amulet of regeneration (around neck)
 E - a ring of wizardry
 O - a ring of fire
Wands
 h - a wand of flame (27)
 k - a wand of digging (9)
 C - a wand of charming (11)
 Q - a wand of roots (4)
Scrolls
 a - 2 scrolls of blinking
 c - 4 scrolls of identify
 g - 2 scrolls of vulnerability {unknown}
 i - 3 scrolls of noise {unknown}
 n - a scroll of poison {unknown}
 o - 2 scrolls of fear {unknown}
 q - 2 scrolls of enchant armour {unknown}
 t - 2 scrolls of amnesia {unknown}
 u - a scroll of torment {unknown}
 v - 2 scrolls of acquirement {unknown}
 x - 3 scrolls of immolation {unknown}
 A - 2 scrolls of brand weapon {unknown}
 G - 4 scrolls of butterflies {unknown}
 I - a scroll of enchant weapon {unknown}
 R - a scroll of summoning {unknown}
Potions
 b - 2 potions of magic
 d - 3 potions of attraction
 l - a potion of flight
 p - 3 potions of haste
 D - 3 potions of resistance
 F - a potion of lignification
 H - a potion of brilliance
 J - a potion of might
 K - a potion of curing {unknown}
 L - a potion of experience
 N - 4 potions of heal wounds


   Skills:
 + Level 7.7 Fighting
 + Level 6.8 Short Blades
 + Level 7.3 Dodging
 + Level 8.1 Stealth
 + Level 7.3 Spellcasting
 + Level 8.1 Ice Magic


You had 17 spell levels left.
You knew the following spells:

 Your Spells              Type           Power      Damage    Failure   Level
a - Freeze                Ice            100%       1d11      1%          1
b - Frozen Ramparts       Ice            100%       1d16      1%          3
c - Ozocubu's Armour      Ice            58%        N/A       1%          3

Your spell library contained the following spells:

 Spells                   Type           Power      Damage    Failure   Level
 Fulminant Prism          Conj/Hex       3%         3d6       21%         4
 Sandblast                Erth           14%        2d6       2%          1
 Hailstorm                Conj/Ice       37%        3d9       4%          4
 Summon Small Mammal      Summ           28%        N/A       9%          1
 Call Canine Familiar     Summ           7%         N/A       26%         3
 Summon Guardian Golem    Hex/Summ       7%         N/A       26%         3
 Irradiate                Conj/Tmut      3%         3d12      50%         5
 Blade Hands              Tmut           3%         N/A       93%         5
 Statue Form              Tmut/Erth      4%         N/A       100%        6


Dungeon Overview and Level Annotations

Branches:
Dungeon (11/15)            Temple (1/1) D:6            Lair (0/5) D:9
 Bailey (visited)
    Orc: D:9-12

Altars:
Ashenzari
Cheibriados
Dithmenos
Fedhas
Gozag
Hepliaklqana
Kikubaaqudgha
Makhleb
Nemelex Xobeh
Okawaru
Qazlal
Ru
Sif Muna
Trog
Uskayaw
Vehumet
Wu Jian
Xom
Yredelemnul

Shops:
D:3 (   D:8 =   D:10 =[*:


Innate Abilities, Weirdness & Mutations

You have hoof-like feet.
You are completely covered in icy blue scales. (AC +4, rC+)
You regenerate magic rapidly.
Spells you cast may paralyse nearby enemies.
You have a somewhat thin skeletal structure. (Dex +2, Stealth+)
Your flesh is cold resistant. (rC+)
Armour fits poorly on your strangely shaped body.
You are frail. (-10% HP)


Message History

Done exploring.
(D) Dungeon (T) Temple (L) Lair
Where to? (Enter - D:10 @ (x,y), ? - help)
What level of the Dungeon? (default 1, ? - help)
There is a stone staircase leading up here.
You climb upwards.
There is a stone staircase leading down here.
Things that are here:
2 stones; a +0 club; a +0 flail
There is a stone staircase leading up here.
You climb upwards.
There is a stone staircase leading down here.
There is a stone staircase leading up here.
You climb upwards.
There is a stone staircase leading down here.
You open the door.
There is an open door here.
There is an escape hatch in the ceiling here.
There is a stone staircase leading up here.
You climb upwards.
There is a stone staircase leading down here.
There is a stone staircase leading up here.
There is a stone staircase leading up here.
You climb upwards.
There is a stone staircase leading down here.
There is a stone staircase leading up here.
You climb upwards.
There is a stone staircase leading down here.
There is a stone staircase leading up here.
You climb upwards.
There is a stone staircase leading down here.
There is a stone staircase leading up here.
You climb upwards.
There is a stone staircase leading down here.
There is a stone staircase leading up here.
You climb upwards.
There is a stone staircase leading down here.
There is a staircase leading out of the dungeon here.
Are you sure you want to leave the Dungeon?
This will make you lose the game!
You have escaped!

#...#### #.#.##.#
#(#....###.#.##.####
#..................###########
#..#..##...........##..#......
#..###.########.####.#...#####
#..# ##...### ###...####)#####
##..# ###...###...###..†......
#...# ##.......##..###.#####
#.†## ###.@.####..# #.# #..#
##.......##..# #.# #..#
###(..###...#### #.#
#..#####...###.###...## #.#
#.....#.####...# ####.###.#
#.###..####.#..# #.###.##.#
##.###..##......###.#...#..#
##...##..##.###.........##.######
#.###>#..##.# #.......[..[......#


There were no monsters in sight!

Vanquished Creatures
  An orc warlord (Bailey)
  A two-headed ogre (D:10)
  Erica (D:8)
  Maurice (D:9)
  Joseph (D:7)
  A wraith (D:9)
  4 wyverns (D:9)
  A shadow (D:8)
  A vampire (D:10)
  18 yaks
  Grum (D:8)
  3 vampire mosquitoes (D:8)
  An acid dragon (D:10)
  10 orc warriors
  3 water moccasins (D:9)
  4 ice beasts
  3 black bears
  A sky beast (D:6)
  3 ogres
  3 wolves (D:8)
  3 centaurs
  2 phantoms (D:5)
  A kobold brigand (D:10)
  3 bullfrogs
  2 necrophages
  3 gnoll sergeants
  6 scorpions
  9 wights
  14 killer bees
  4 electric eels (D:6)
  A howler monkey (D:9)
  5 hounds
  4 orc priests
  A jelly (D:5)
  A gnoll bouda (D:6)
  5 iguanas
  Jessica (D:2)
  5 orc wizards
  18 gnolls
  8 adders
  A shadow imp (D:6)
  3 white imps
  2 ufetubi
  A worm (D:4)
  2 dart slugs
  22 orcs
  8 endoplasms
  4 giant cockroaches
  13 hobgoblins
  5 jackals
  2 quokkas
  13 ball pythons
  A bat (D:3)
  5 frilled lizards
  14 goblins
  3 goblin skeletons (D:4)
  3 hobgoblin zombies (D:4)
  25 kobolds
  2 kobold zombies (D:4)
  3 orc skeletons (D:4)
  3 rats
293 creatures vanquished.

Vanquished Creatures (others)
  A gnoll (D:6)
  2 bushes (D:9)
  2 fungi (D:9)
  38 plants
43 creatures vanquished.

Grand Total: 336 creatures vanquished

Notes
Turn   | Place    | Note
-------+----------+-------------------------------------------
     0 | D:1      | Ashen the Demonspawn Ice Elementalist began the quest for
                  | the Orb.
     0 | D:1      | Reached XP level 1. HP: 13/13 MP: 3/3
   327 | D:1      | Gained mutation: Spells you cast may paralyse adjacent
                  | enemies. [demonic ancestry]
   327 | D:1      | Reached XP level 2. HP: 7/20 MP: 0/5
   846 | D:1      | You fall into a shaft and drop 1 floor!
   942 | D:2      | Reached skill level 1 in Fighting
  1033 | D:2      | Gained mutation: You are partially covered in icy blue
                  | scales. (AC +2) [demonic ancestry]
  1033 | D:2      | Reached XP level 3. HP: 19/26 MP: 4/6
  1588 | D:2      | Noticed Jessica
  1595 | D:2      | Killed Jessica
  1596 | D:2      | Gained mutation: You regenerate magic rapidly. [demonic
                  | ancestry]
  1596 | D:2      | Reached XP level 4. HP: 23/32 MP: 3/7
  2110 | D:1      | Found a faded altar of an unknown god.
  2405 | D:3      | Found Waocsuy's Antique Weapon Shop.
  2413 | D:3      | Learned a level 3 spell: Frozen Ramparts
  2417 | D:3      | Learned a level 3 spell: Ozocubu's Armour
  2614 | D:3      | Identified the +3 ring mail of Spite {rElec Dex+2}
  3033 | D:4      | Noticed a scorpion
  3035 | D:4      | Noticed an ogre
  3041 | D:4      | Killed a scorpion
  3042 | D:4      | Reached XP level 5. HP: 38/38 MP: 0/9
  3050 | D:4      | Killed an ogre
  3051 | D:4      | Reached skill level 1 in Short Blades
  3238 | D:4      | Gained mutation: You have large cloven feet. [demonic
                  | ancestry]
  3238 | D:4      | Reached XP level 6. HP: 43/44 MP: 6/10
  3919 | D:5      | Entered Level 5 of the Dungeon
  3926 | D:5      | Reached XP level 7. HP: 47/51 MP: 8/12
  4239 | D:5      | Reached skill level 5 in Ice Magic
  4590 | D:5      | Gained mutation: Spells you cast may paralyse nearby
                  | enemies. [demonic ancestry]
  4590 | D:5      | Reached XP level 8. HP: 47/59 MP: 12/14
  4952 | D:6      | Reached skill level 5 in Stealth
  5160 | D:6      | Gained mutation: You are mostly covered in icy blue scales.
                  | (AC +3) [demonic ancestry]
  5160 | D:6      | Reached XP level 9. HP: 44/66 MP: 14/16
  5346 | D:6      | Found a staircase to the Ecumenical Temple.
  5356 | Temple   | Entered the Ecumenical Temple
  5667 | Temple   | Became a worshipper of Vehumet
  6130 | D:7      | Reached skill level 5 in Spellcasting
  6200 | D:7      | Reached skill level 5 in Fighting
  6200 | D:7      | Reached skill level 5 in Dodging
  6526 | D:7      | Noticed Joseph
  6548 | D:7      | Killed Joseph
  6698 | D:7      | Reached * piety under Vehumet
  6698 | D:7      | Offered knowledge of Sandblast by Vehumet.
  6972 | D:8      | Found a flagged portal.
  6975 | D:8      | Noticed Grum
  6987 | D:8      | Gained mutation: You are completely covered in icy blue
                  | scales. (AC +4, rC+) [demonic ancestry]
  6987 | D:8      | Reached XP level 10. HP: 62/76 MP: 14/18
  6994 | D:8      | Killed Grum
  6995 | D:8      | Reached skill level 5 in Short Blades
  7039 | Bailey   | Entered a bailey
  7065 | Bailey   | Noticed an orc warlord
  7099 | Bailey   | Offered knowledge of Magic Dart by Vehumet.
  7149 | Bailey   | Reached ** piety under Vehumet
  7163 | Bailey   | Found a runed translucent gate.
  7165 | Bailey   | Found a runed translucent gate.
  7182 | Bailey   | Found a runed translucent gate.
  7423 | Bailey   | Killed an orc warlord
  7512 | Bailey   | Got the Cyclopedia of Terra Firma and Transformation
  7845 | D:8      | Noticed Erica
  7852 | D:8      | Killed Erica
  7852 | D:8      | Offered knowledge of Conjure Flame by Vehumet.
  7992 | D:8      | Found Caibreuxov's Jewellery Emporium.
  8403 | D:9      | Gained mutation: You have hoof-like feet. [demonic
                  | ancestry]
  8403 | D:9      | Reached XP level 11. HP: 83/83 MP: 16/20
  8432 | D:9      | Reached *** piety under Vehumet
  8516 | D:9      | Noticed Maurice
  8525 | D:9      | Killed Maurice
  8600 | D:9      | Offered knowledge of Olgreb's Toxic Radiance by Vehumet.
  8665 | D:9      | Found a staircase to the Lair.
  9013 | D:10     | Entered Level 10 of the Dungeon
  9019 | D:10     | Reached **** piety under Vehumet
  9135 | D:10     | Found an opulent altar of Gozag.
  9209 | D:10     | Found Wesoukudink's Armour Shop.
  9273 | D:10     | Offered knowledge of Fulminant Prism by Vehumet.
  9288 | D:10     | Found Omaetad's Jewellery Shop.
  9360 | D:10     | Found Zibluoss's Assorted Antiques.
  9413 | D:10     | Bought a scroll labelled UHURYI SOWEA for 25 gold pieces
  9413 | D:10     | Bought a scroll of identify for 50 gold pieces
  9420 | D:10     | Gained mutation: Your muscles are strong. (Str +4, Int/Dex
                  | -1) [potion of mutation]
  9421 | D:10     | Lost mutation: Your muscles are strong. (Str +4, Int/Dex
                  | -1) [potion of mutation]
  9421 | D:10     | Gained mutation: You are frail. (-10% HP) [potion of
                  | mutation]
  9421 | D:10     | Gained mutation: Armour fits poorly on your strangely
                  | shaped body. [potion of mutation]
  9421 | D:10     | Gained mutation: You have a somewhat thin skeletal
                  | structure. (Dex +2, Stealth+) [potion of mutation]
  9421 | D:10     | Gained mutation: Your flesh is cold resistant. (rC+)
                  | [potion of mutation]
  9451 | D:10     | Noticed a two-headed ogre
  9460 | D:10     | Killed a two-headed ogre
  9525 | D:10     | Found Ricrekh's Book Boutique.
  9786 | D:$      | Got out of the dungeon alive.

Illustrated notes

Levels and vault maps discovered:
D:1:      dpeg_arrival_simpleton_a, layout_loops_ring,
          dreamdust_ecumenical_altar_hidden_monk_grotto
D:2:      layout_basic, interstate_on_off, uniq_jessica
D:3:      layout_basic, serial_shops, shop
D:4:      minmay_general_purpose_star, layout_rooms,
          nicolae_tso_besieged_by_evil, minmay_diced_spiral
D:5:      minmay_octagon_keep, layout_basic
D:6:      layout_loops_ring, minmay_temple_entry_glassed_door, serial_bayou,
          serial_bayou_shore_a, serial_bayou_lake_a, serial_bayou_pond_e,
          serial_bayou_pond_e, serial_bayou_lagoon_a
D:7:      layout_basic, hangedman_decor_riveting,
          chequers_serial_rivers_micro_a, uniq_joseph
D:8:      layout_loops_ring, enter_bailey_6, serial_shops,
          nicolae_lakefront_shop, lightli_minifort, uniq_grum, uniq_erica
D:9:      layout_cave_pools, minmay_lair_entry_grove, serial_glass,
          glass_columns_b, glass_columns_b, kennysheep_crisscross, uniq_maurice
D:10:     layout_rooms, grunt_gozag_breadcrumbs, serial_shops,
          nicolae_shop_stone, nicolae_stop_n_shop_2, nicolae_shop_stone,
          nicolae_shop_behind_doors
D:11:     layout_gridville, minmay_misc_feat_x, jiyva_altar_1
Temple:   mainiacjoe_temple_cubbyholes

Skill      XL: |  1  2  3  4  5  6  7  8  9 10 11 |
---------------+----------------------------------+-----
Stealth        | 2 3 4 5 6 7 8 |  8.1
Dodging        | 2 3 4 5 6 7 |  7.3
Fighting       | 1 2 3 4 5 6 7 |  7.7
Ice Magic      | 4 5 6 7 8 |  8.1
Short Blades   | 1 2 3 4 6 |  6.8
Spellcasting   | 3 4 5 6 7 |  7.3

Action                   |  1- 3 |  4- 6 |  7- 9 | 10-12 || total
-------------------------+-------+-------+-------+-------++-------
Melee: Unarmed           |    12 |       |       |       ||    12
       Dagger            |     8 |       |       |   146 ||   154
       Short sword       |     7 |       |       |       ||     7
       Rapier            |       |   105 |   106 |    59 ||   270
       Punch             |       |     3 |     1 |     2 ||     6
       Kick              |       |    13 |    27 |    55 ||    95
 Cast: Freeze            |    39 |    34 |    74 |    62 ||   209
       Ozocubu's Armour  |       |     5 |     9 |    31 ||    45
       Frozen Ramparts   |       |     4 |     8 |    19 ||    31
  Use: Scroll            |       |       |     7 |     5 ||    12
       Potion            |       |       |       |     3 ||     3
 Stab: Paralysed         |     4 |    18 |    48 |    61 ||   131
       Sleeping          |       |     7 |     7 |     3 ||    17
       Distracted        |       |       |     1 |       ||     1
Armor: Robe              |    15 |    35 |    50 |    72 ||   172
Dodge: Dodged            |    39 |    76 |   105 |   152 ||   372
